 Dungeon Crawl Stone Soup version 0.32-a0-22-g6ae6769602 (webtiles) character file.

Game seed: 7482692421688440060

241791 Strat the Slayer (level 19, -5/228 HPs)
             Began as an Oni Berserker on Jan 19, 2024.
             Was the Champion of Trog.
             Slain by an iron troll (25 damage)
             ... on level 15 of the Dungeon.
             The game lasted 01:39:28 (58833 turns).

Strat the Slayer (Oni Berserker)                   Turns: 58833, Time: 01:39:29

Health: -5/228     AC: 25    Str: 29    XL:     19   Next: 36%
Magic:  19/19      EV:  8    Int:  8    God:    Trog [******]
Gold:   2568       SH:  0    Dex:  8    Spells: 18/18 levels left

rFire   + . .        a - +4 executioner's axe (flame)
rCold   . . .        (shield currently unavailable)
rNeg    . . .        x - +0 shadow dragon scales
rPois   .            j - +2 hood of the Assassin {Detect Stab+ Stlth++}
rElec   +            F - +2 cloak {rCorr}
rCorr   +            (gloves unavailable)
SInv    +            (boots unavailable)
Will    +++..        n - amulet of faith
Stlth   ++++         p - +4 ring of slaying
HPRegen 0.58/turn    V - ring "Ligroc" {rElec rF+ Will++ Str-3 SInv}
MPRegen 0.16/turn

%: faith
@: no status effects
A: large, unfitting armour, horns 1, tough skin 1, double potion healing,
drunken brawling
}: 2/15 runes: serpentine, barnacled
a: Renounce Religion, Berserk, Trog's Hand, Brothers in Arms


You were on level 15 of the Dungeon.
You worshipped Trog.
Trog was exalted by your worship.
You visited 6 branches of the dungeon, and saw 31 of its levels.
You also visited: Bailey and Gauntlet.

You collected 4679 gold pieces.
You spent 2111 gold pieces at shops.

Inventory:

Hand Weapons
 a - a +4 executioner's axe of flaming (weapon)
 b - a +1 antimagic battleaxe
Missiles
 h - 35 boomerangs
 t - 11 silver javelins
 E - 4 curare-tipped darts
 G - 22 large rocks
 K - 19 javelins (quivered)
Armour
 j - the +2 hood of the Assassin (worn) {Detect Stab+ Stlth++}
   (You found it on level 3 of the Lair of Beasts)

   Detect:    It allows the wearer to sense nearby creatures.
   Stab+:     It allows the wearer to make particularly effective stabbing
   attacks against helpless or unaware enemies with any weapon.
   Stlth++:   It makes you much more stealthy.
 x - +0 shadow dragon scales (worn)
 F - a +2 cloak of preservation (worn)
Jewellery
 g - a ring of flight
 n - an amulet of faith (around neck)
 p - a +4 ring of slaying (left hand)
 A - the amulet of Attitude {Reflect rF+ SH+5}
   (You found it on level 4 of the Shoals)

   [amulet of reflection]

   Reflect:   It reflects blocked missile attacks.
   rF+:       It protects you from fire.
   SH+5:      It affects your SH (+5).
 V - the ring "Ligroc" (right hand) {rElec rF+ Will++ Str-3 SInv}
   (You found it in a Gauntlet)

   [ring of protection from fire]

   Str-3:     It affects your strength (-3).
   rF+:       It protects you from fire.
   rElec:     It insulates you from electricity.
   Will++:    It greatly increases your willpower.
   SInv:      It lets you see invisible.
 W - a +4 ring of protection
Wands
 q - a wand of flame (88)
 s - a wand of paralysis (61)
 B - a wand of polymorph (5)
 M - a wand of acid (16)
 N - a wand of mindburst (9)
 Q - a wand of digging (8)
Scrolls
 f - 9 scrolls of enchant armour
 i - 2 scrolls of immolation
 k - 2 scrolls of revelation
 o - 3 scrolls of silence
 w - a scroll of torment
 y - 7 scrolls of teleportation
 z - 3 scrolls of fog
 O - 8 scrolls of identify
Potions
 d - 5 potions of lignification
 e - 5 potions of enlightenment
 l - 5 potions of haste
 r - 2 potions of ambrosia
 u - a potion of attraction
 H - 5 potions of might
 I - 3 potions of berserk rage
 U - a potion of resistance
 X - 6 potions of mutation
Miscellaneous
 m - a box of beasts
 S - a tin of tremorstones (2/2)
 Y - a lightning rod (4/4)


   Skills:
 - Level 22.7 Fighting
 + Level 20.0 Axes
 + Level 14.3 Throwing
 - Level 15.0 Armour
 - Level 2.6 Dodging
 - Level 9.4 Evocations


You had 18 spell levels left.
You didn't know any spells.
Your spell library was empty.

Dungeon Overview and Level Annotations

Branches:
Dungeon (15/15)            Temple (0/1) D:5            Lair (5/5) D:11
 Shoals (4/4) Lair:3        Snake (4/4) Lair:2        Slime (0/5) Lair:5
    Orc (2/2) D:9             Elf (0/3) Orc:2        Vaults (0/5) D:13
 Depths (1/4) D:15         Bailey (visited)         Gauntlet (visited)

Altars:
Cheibriados
Dithmenos
Elyvilon
Gozag
Hepliaklqana
Ru
Sif Muna
Trog
Uskayaw
Wu Jian
Xom
Jiyva

Shops:
D:6 [?   D:8 *   D:10 ?([!!   Orc:1 !   Orc:2 :[=:   Snake:4 (

Annotations:
D:5 Dowan, Duvessa
D:14 1 runed translucent door, Azoth's ghost, journeyman DgCj
Shoals:3 3 runed translucent doors, Ilsuiw; Juni's ghost, adept KoFi
Snake:2 2 transporters


Innate Abilities, Weirdness & Mutations

You are too large for most types of armour.
You have a pair of small horns on your head.
You have tough skin. (AC +1)
You gain doubled healing and magic from potions.
Whenever you drink a healing potion, you attack all around you.


Message History

The deep troll shaman calls upon its god to strengthen the iron troll.
The iron troll seems to grow stronger.
The smoke demon gestures at you. Something smites you!
The iron troll shouts!
You chop the iron troll into pieces!!! You burn the iron troll!
The iron troll is heavily wounded.
The iron troll bites you!!
* * * LOW HITPOINT WARNING * * *
The iron troll claws you but does no damage. x2
The smoke demon gestures at you. Something smites you!
* * * LOW HITPOINT WARNING * * *
You climb upwards.
Welcome back to the Dungeon!
There is a staircase to the Depths here.
You slash the iron troll! You burn the iron troll.
You headbutt the iron troll, but do no damage.
The iron troll is severely wounded.
The iron troll bites you!!
* * * LOW HITPOINT WARNING * * *
The iron troll claws you!
* * * LOW HITPOINT WARNING * * *
The iron troll claws you but does no damage.
You hit the iron troll but do no damage.
You headbutt the iron troll.
The iron troll is severely wounded.
The iron troll bites you!!!
* * * LOW HITPOINT WARNING * * *
The iron troll claws you!!
* * * LOW HITPOINT WARNING * * *
The iron troll claws you!!
* * * LOW HITPOINT WARNING * * *
You slash the iron troll! You burn the iron troll.
You headbutt the iron troll, but do no damage.
The iron troll is almost dead.
You hit the iron troll but do no damage.
The iron troll is almost dead.
The iron troll bites you but does no damage.
The iron troll claws you!!
You die...

.#.# #....##.##..#....##...'...
##.# #....#..###.......'...####
...# #....#....###....##.......
...#####....####.####..##..######
.............##...######...#
............##.....##......#
#####.......#.......#......# #
#.......##..T..##......# #
#........###@###.......###### #
#........†.###............... #
#............................ #
#............................
#####.....................)......
.................................
....................####.........
...........####'#...# #####.....
...........#....+...# #.....


You could see an iron troll (strong).

Vanquished Creatures
  Vashnia (Snake:2)
  Nikola (Snake:4)
  Rupert (D:13)
  A kraken (Shoals:1)
  Polyphemus (Shoals:2)
  Frances (D:12)
  Agnes (Snake:4)
  Aizul (Snake:2)
  15 nagarajas
  An azure jelly (Snake:4)
  Louise (Snake:4)
  A minotaur (Gauntlet)
  A dire elephant (Lair:5)
  Azrael (D:13)
  5 merfolk impalers
  Snorg (Orc:2)
  6 merfolk javelineers
  Josephine (D:11)
  3 catoblepae
  5 hydras
  A salamander tyrant (Snake:4)
  A great orb of eyes (D:15)
  A merfolk avatar (Shoals:3)
  4 ogre magi (Orc:2)
  8 vault guards
  8 anacondas
  6 boulder beetles
  2 merfolk aquamancers
  Erica (D:8)
  14 two-headed ogres
  14 death yaks
  2 alligator snapping turtles (Shoals:4)
  5 centaur warriors
  17 naga warriors
  A deep troll shaman (Lair:5)
  An orc high priest (Bailey)
  12 naga sharpshooters
  4 tengu warriors (D:15)
  9 shock serpents
  Urug (Lair:2)
  A soul eater (Gauntlet)
  An iron troll (Depths:1)
  3 salamander mystics
  A skeletal warrior (D:15)
  6 skysharks
  10 sea snakes
  A glowing orange brain (shapeshifter) (D:15)
  A deep troll (Depths:1)
  10 mana vipers
  4 naga ritualists
  Pikel (D:7)
  An orc knight (Orc:1)
  18 harpies
  2 deep elf pyromancers
  2 lindwurms (Lair:3)
  24 ugly things
  2 orc sorcerers
  Maurice (D:8)
  6 fauns
  3 cyclopes
  10 manticores
  12 elephants
  10 merfolk sirens
  8 salamanders
  8 water nymphs
  9 guardian serpents
  19 naga magi
  31 black mambas
  2 kobold blastminers (Orc:2)
  7 cane toads
  An unseen horror (shapeshifter) (D:15)
  5 rime drakes
  7 komodo dragons
  Jeremiah (D:6)
  2 efreet (D:15)
  2 freezing wraiths (Snake:4)
  5 kobold demonologists
  2 unseen horrors (D:11)
  2 tengu conjurers (D:15)
  12 merfolk
  9 trolls
  4 polar bears
  A queen bee (Gauntlet)
  4 wind drakes
  Grinder (D:5)
  2 tarantellas (Lair:3)
  9 blink frogs
  10 dream sheep
  4 snapping turtles
  A vampire (D:12)
  15 slime creatures
  2 jumping spiders (Lair:3)
  A shadow (D:9)
  A wyvern (D:9)
  Sigmund (D:5)
  3 basilisks
  9 water elementals
  76 yaks
  Grum (D:10)
  6 wraiths
  4 fire elementals
  19 vampire mosquitoes
  2 redbacks (Lair:3)
  2 steam dragons
  A warg (Orc:1)
  A naga (shapeshifter) (D:15)
  2 hell hounds (D:12)
  39 nagas
  9 water moccasins
  17 orc warriors
  A sky beast (D:7)
  3 ice beasts
  A black bear (D:6)
  3 laughing skulls
  28 ogres
  A boggart (D:9)
  4 centaurs
  34 wolves
  A lemure (D:7)
  A phantom (D:6)
  Blork the orc (D:6)
  5 kobold brigands
  16 bullfrogs
  A gnoll sergeant (D:12)
  3 scorpions (D:6)
  10 wights
  9 killer bees
  4 howler monkeys
  3 lava snakes (Lair:3)
  A bombardier beetle (D:6)
  A jelly (D:6)
  4 hounds
  Crazy Yiuf (D:6)
  13 orc priests
  A gnoll bouda (D:7)
  Jessica (D:3)
  A sleepcap (D:6)
  Ijyb (D:4)
  An iguana (D:7)
  15 orc wizards
  5 hell rats (Lair:4)
  23 gnolls
  7 adders
  3 shadow imps
  4 ufetubi
  3 dart slugs (D:1)
  A ribbon worm (D:3)
  58 orcs
  3 bats
  7 endoplasms
  3 giant cockroaches
  7 hobgoblins
  A quokka (D:2)
  5 ball pythons
  2 frilled lizards
  13 goblins
  6 kobolds
  5 rats (D:1)
  4 tentacles (Shoals:1)
999 creatures vanquished.

Vanquished Creatures (others)
  2 human simulacra (D:13)
  2 orcs (Orc:1)
  8 tentacles (Shoals:1)
12 creatures vanquished.

Grand Total: 1011 creatures vanquished

Notes
Turn   | Place    | Note
-------+----------+-------------------------------------------
     0 | D:1      | Strat the Oni Berserker began the quest for the Orb.
     0 | D:1      | Reached XP level 1. HP: 24/24 MP: 1/1
    53 | D:1      | Reached XP level 2. HP: 24/32 MP: 2/2
   545 | D:2      | Reached XP level 3. HP: 38/40 MP: 3/3
   720 | D:2      | Reached ** piety under Trog
  1572 | D:3      | Noticed Jessica
  1575 | D:3      | Found a shimmering altar of Xom.
  1582 | D:3      | Killed Jessica
  1583 | D:3      | Reached skill level 5 in Fighting
  1583 | D:3      | Reached XP level 4. HP: 40/50 MP: 4/4
  2043 | D:4      | Found a shimmering blue altar of Sif Muna.
  2095 | D:3      | Reached XP level 5. HP: 13/57 MP: 5/5
  2324 | D:4      | Found a hide-covered altar of Uskayaw.
  2455 | D:4      | Reached skill level 5 in Axes
  2542 | D:4      | Found a hazy altar of Hepliaklqana.
  3005 | D:4      | Noticed Ijyb
  3009 | D:4      | Noticed an ogre
  3033 | D:4      | Paralysed by Ijyb for 2 turns
  3040 | D:4      | Paralysed by Ijyb for 5 turns
  3049 | D:4      | Killed Ijyb
  3091 | D:4      | Reached XP level 6. HP: 56/67 MP: 6/6
  3453 | D:4      | Reached skill level 6 in Fighting
  3790 | D:5      | Entered Level 5 of the Dungeon
  3790 | D:5      | Noticed Duvessa
  3790 | D:5      | Noticed Dowan
  3944 | D:5      | Noticed Grinder
  4006 | D:5      | Paralysed by Grinder for 5 turns
  4012 | D:5      | Killed Grinder
  4013 | D:5      | Reached XP level 7. HP: 35/76 MP: 7/7
  4166 | D:5      | Noticed Sigmund
  4191 | D:5      | Killed Sigmund
  4192 | D:5      | Reached skill level 7 in Fighting
  4452 | D:5      | Found a staircase to the Ecumenical Temple.
  4771 | D:6      | Found a runed translucent door.
  4778 | D:6      | Noticed Crazy Yiuf
  4985 | D:6      | Reached XP level 8. HP: 88/88 MP: 8/8
  5049 | D:6      | Reached skill level 8 in Fighting
  5572 | D:6      | Found a sacrificial altar of Ru.
  5709 | D:6      | Found Firuif's Armour Boutique.
  6104 | D:6      | Reached skill level 9 in Fighting
  6184 | D:6      | Found Dyvaup Limm's Magic Scroll Boutique.
  6300 | D:6      | Noticed Jeremiah
  6447 | D:6      | Noticed Blork the orc
  6509 | D:6      | Killed Jeremiah
  6510 | D:6      | Reached skill level 10 in Axes
  6510 | D:6      | Reached XP level 9. HP: 47/101 MP: 9/9
  6518 | D:6      | Killed Blork the orc
  7358 | D:7      | Reached skill level 10 in Fighting
  7517 | D:7      | Noticed Pikel
  7549 | D:7      | Killed Pikel
  7725 | D:7      | Found a shadowy altar of Dithmenos.
  8003 | D:7      | Reached *** piety under Trog
  8005 | D:7      | Paralysed by a gnoll bouda for 5 turns
  8438 | D:7      | Found a snail-covered altar of Cheibriados.
  8658 | D:7      | Reached skill level 11 in Fighting
  8832 | D:6      | Killed Crazy Yiuf
  9031 | D:8      | Found Liliac's Assorted Antiques.
  9040 | D:8      | Bought a scroll labelled ONIQEU NOOBB for 23 gold pieces
  9040 | D:8      | Bought a scroll labelled PAASAOSTUTA for 23 gold pieces
  9040 | D:8      | Bought a potion of heal wounds for 115 gold pieces
  9066 | D:8      | Reached XP level 10. HP: 85/112 MP: 10/10
  9081 | D:8      | Found a flagged portal.
  9126 | Bailey   | Entered a bailey
  9996 | Bailey   | Acquired 861 gold pieces
 10230 | Bailey   | Found an iron altar of Okawaru.
 10231 | Bailey   | Noticed a kobold demonologist
 10284 | Bailey   | Noticed an orc high priest
 10301 | Bailey   | Killed an orc high priest
 10510 | Bailey   | Killed a kobold demonologist
 10892 | D:8      | Found a white marble altar of Elyvilon.
 10944 | D:8      | Noticed Erica
 10965 | D:8      | Killed Erica
 10988 | D:8      | Noticed Maurice
 11001 | D:8      | Found a bloodstained altar of Trog.
 11003 | D:8      | Paralysed by Maurice for 5 turns
 11138 | D:8      | Something stole 4 silver javelins
 11140 | D:8      | Something stole a +0 hand axe of flaming
 11143 | D:8      | Something stole an amulet of faith
 11144 | D:8      | Something stole 150 gold
 11145 | D:8      | Something stole 725 gold
 11146 | D:8      | Something stole 194 gold
 11154 | D:8      | Killed Maurice
 11336 | D:8      | Found an opulent altar of Gozag.
 11641 | D:9      | Reached **** piety under Trog
 11821 | D:9      | Noticed a kobold demonologist
 11835 | D:9      | Reached XP level 11. HP: 109/120 MP: 11/11
 11842 | D:9      | Found a staircase to the Orcish Mines.
 11955 | D:9      | Noticed a boulder beetle
 11971 | D:9      | Reached skill level 15 in Axes
 11974 | D:9      | Killed a boulder beetle
 12539 | D:9      | Noticed a cyclops
 12547 | D:9      | Killed a cyclops
 12573 | D:9      | Noticed a red ugly thing
 12577 | D:9      | Noticed a centaur warrior
 12581 | D:9      | Killed a red ugly thing
 12590 | D:9      | Killed a centaur warrior
 12590 | D:9      | Reached ***** piety under Trog
 13186 | D:9      | Identified the +9 glaive "Gezihida" {antimagic, Int+3}
 13317 | D:10     | Entered Level 10 of the Dungeon
 13317 | D:10     | Found Foisyecw's Antique Armour Shoppe.
 13346 | D:10     | Noticed a two-headed ogre
 13357 | D:10     | Killed a two-headed ogre
 13658 | D:10     | Reached XP level 12. HP: 130/130 MP: 12/12
 13716 | D:10     | Reached skill level 1 in Armour
 13969 | D:10     | Found Mehip's Magic Scroll Emporium.
 13974 | D:10     | Bought a scroll of blinking for 90 gold pieces
 13974 | D:10     | Bought a scroll of enchant weapon for 90 gold pieces
 14113 | D:10     | Found Tanyse's Distillery.
 14215 | D:10     | Found an ornate altar of the Wu Jian Council.
 14342 | D:10     | Found Cinwaoci's Distillery.
 14345 | D:10     | Bought a potion of might for 64 gold pieces
 14345 | D:10     | Bought 2 potions of curing for 96 gold pieces
 14345 | D:10     | Bought a potion of cancellation for 128 gold pieces
 14460 | D:10     | Found Xyajan's Antique Weapon Shop.
 14543 | D:10     | Noticed Grum
 14553 | D:10     | Killed Grum
 14927 | D:11     | Noticed Josephine
 14952 | D:11     | Killed Josephine
 15159 | D:11     | Found a staircase to the Lair.
 15177 | D:11     | Reached skill level 12 in Fighting
 15181 | D:11     | Received a gift from Trog
 16045 | D:12     | Noticed Frances
 16055 | D:12     | Killed Frances
 16232 | D:12     | Noticed a two-headed ogre
 16240 | D:12     | Killed a two-headed ogre
 16864 | D:13     | Found a gate to the Vaults.
 16864 | D:13     | Noticed a vault guard
 16864 | D:13     | Noticed a vault guard
 16864 | D:13     | Noticed a vault guard
 16864 | D:13     | Noticed a vault guard
 16864 | D:13     | Noticed a vault guard
 16864 | D:13     | Noticed a vault guard
 16864 | D:13     | Noticed a vault guard
 16896 | D:13     | Noticed Azrael
 16906 | D:12     | Reached XP level 13. HP: 114/141 MP: 13/13
 17151 | D:12     | Killed a vault guard
 17152 | D:12     | Reached skill level 13 in Fighting
 17578 | D:13     | Reached skill level 5 in Armour
 18180 | D:13     | Noticed a vault guard
 18602 | D:13     | Killed a vault guard
 18676 | D:13     | Killed a vault guard
 18920 | D:13     | Killed Azrael
 18975 | D:13     | Killed a vault guard
 18979 | D:13     | Killed a vault guard
 19167 | D:13     | Killed a vault guard
 19168 | D:13     | Reached skill level 14 in Fighting
 19260 | D:12     | Killed a vault guard
 19406 | D:13     | Killed a vault guard
 19529 | D:13     | Noticed Rupert
 19587 | Lair:1   | Entered Level 1 of the Lair of Beasts
 19764 | Lair:1   | Received a gift from Trog
 20083 | Lair:1   | Reached XP level 14. HP: 79/157 MP: 14/14
 21059 | Lair:2   | Found a staircase to the Snake Pit.
 21068 | Lair:2   | Noticed Urug
 21127 | Lair:2   | Killed Urug
 21279 | Lair:2   | Acquired 869 gold pieces
 21415 | Lair:2   | Found the +10 tower shield of Ignorance {rN+ Int-4}
 21535 | Lair:2   | Reached skill level 1 in Throwing
 21820 | Lair:2   | Reached skill level 15 in Fighting
 22458 | Lair:3   | Found a runed translucent door.
 22458 | Lair:3   | Found the +2 hood of the Assassin {Detect Stab+ Stlth++}
 23739 | Lair:3   | Found a runed translucent gate.
 23739 | Lair:3   | Found a runed translucent gate.
 23739 | Lair:3   | Found a runed translucent gate.
 23739 | Lair:3   | Found a runed translucent gate.
 23739 | Lair:3   | Found a runed translucent gate.
 23739 | Lair:3   | Found a runed translucent gate.
 24140 | Lair:4   | Reached skill level 16 in Fighting
 24254 | Lair:4   | Received a gift from Trog
 24660 | Lair:4   | Reached skill level 5 in Throwing
 24835 | Lair:4   | Reached XP level 15. HP: 166/171 MP: 15/15
 25217 | Lair:5   | Entered Level 5 of the Lair of Beasts
 25488 | Lair:5   | Found a staircase to the Slime Pits.
 25488 | Lair:5   | Found a viscous altar of Jiyva.
 26286 | Lair:5   | Reached skill level 17 in Fighting
 26710 | Lair:5   | Received a gift from Trog
 27253 | Orc:1    | Entered Level 1 of the Orcish Mines
 27267 | Orc:1    | Found Ninogargh's Distillery.
 27389 | Orc:1    | Bought a potion of curing for 33 gold pieces
 27389 | Orc:1    | Bought 2 potions of heal wounds for 110 gold pieces
 27389 | Orc:1    | Bought a potion of heal wounds for 55 gold pieces
 27389 | Orc:1    | Bought a potion of cancellation for 88 gold pieces
 27389 | Orc:1    | Bought a potion of resistance for 110 gold pieces
 27607 | Orc:2    | Entered Level 2 of the Orcish Mines
 27607 | Orc:2    | Noticed Snorg
 27621 | Orc:2    | Killed Snorg
 27622 | Orc:2    | Reached skill level 10 in Armour
 27634 | Orc:2    | Found a gate leading to a gauntlet.
 27648 | Gauntlet | Entered a Gauntlet
 27648 | Gauntlet | Found a runed translucent door.
 27648 | Gauntlet | Found a transporter.
 27648 | Gauntlet | Found a runed translucent door.
 27648 | Gauntlet | Found a transporter.
 27648 | Gauntlet | Found a transporter.
 27705 | Gauntlet | Found a transporter.
 27706 | Gauntlet | Found a transporter.
 27709 | Gauntlet | Found a transporter.
 27751 | Gauntlet | Found a transporter.
 27753 | Gauntlet | Found a transporter.
 27772 | Gauntlet | Found a transporter.
 27785 | Gauntlet | Found a transporter.
 27803 | Gauntlet | Found a transporter.
 27803 | Gauntlet | Found a transporter.
 28173 | Gauntlet | Identified the ring "Ligroc" {rElec rF+ Will++ Str-3 SInv}
 28494 | Orc:2    | Found a staircase to the Elven Halls.
 29040 | Orc:2    | Reached skill level 18 in Fighting
 29281 | Orc:2    | Reached XP level 16. HP: 114/188 MP: 16/16
 29282 | Orc:2    | Reached ****** piety under Trog
 29643 | Orc:2    | Received a gift from Trog
 29673 | Orc:2    | Found Fyunwulu's Book Shop.
 29673 | Orc:2    | Found Puxos's Antique Armour Emporium.
 29674 | Orc:2    | Found Soawk's Jewellery Emporium.
 29674 | Orc:2    | Found Xuhuge's Book Boutique.
 29701 | Orc:2    | Bought a +4 ring of protection for 432 gold pieces
 29701 | Orc:2    | Bought a ring of see invisible for 180 gold pieces
 30034 | D:13     | Killed Rupert
 30253 | D:14     | Acquired a manual of Armour
 30374 | D:14     | Reached skill level 1 in Evocations
 30629 | D:14     | You fall into a shaft and drop 1 floor!
 30629 | D:15     | Entered Level 15 of the Dungeon
 30684 | D:15     | Reached skill level 19 in Fighting
 30941 | D:14     | Found a runed translucent door.
 30944 | D:14     | Noticed Azoth's ghost (journeyman DgCj)
 30945 | D:14     | Noticed a storm dragon
 31484 | D:15     | Reached skill level 10 in Throwing
 32330 | D:15     | Found a staircase to the Depths.
 33167 | Snake:1  | Entered Level 1 of the Snake Pit
 33582 | Snake:1  | Identified the +4 battleaxe "Faposkuo" {flame, Str-3 Dex+7}
                  | (Trog gifted it to you on level 1 of the Snake Pit)
 33582 | Snake:1  | Received a gift from Trog
 34947 | Snake:2  | Noticed Vashnia
 34996 | Snake:2  | Killed Vashnia
 35002 | Snake:2  | Reached XP level 17. HP: 117/201 MP: 17/17
 35505 | Snake:2  | Identified the serpent talisman "Kirpheul" {Str+3}
 35505 | Snake:2  | Noticed Aizul
 35525 | Snake:2  | Killed Aizul
 35746 | Snake:2  | Found a transporter.
 35851 | Snake:2  | Found a transporter.
 36777 | Snake:3  | Reached skill level 20 in Fighting
 36784 | Snake:2  | Reached skill level 5 in Evocations
 37127 | Snake:3  | Identified the +1 battleaxe of Noon {flame, rC+} (Trog
                  | gifted it to you on level 3 of the Snake Pit)
 37127 | Snake:3  | Received a gift from Trog
 40032 | Snake:4  | Entered Level 4 of the Snake Pit
 40385 | Snake:4  | Found Toiliak's Weapon Boutique.
 42190 | Snake:4  | Noticed Louise
 42199 | Snake:4  | Killed Louise
 42586 | Snake:4  | Identified the +2 pair of gloves of Qazlal's Benevolence
                  | {Int+7}
 42586 | Snake:4  | Noticed Nikola
 42607 | Snake:4  | Killed Nikola
 45269 | Snake:4  | Received a gift from Trog
 45401 | Snake:4  | Noticed Agnes
 45415 | Snake:4  | Killed Agnes
 45423 | Snake:4  | Reached XP level 18. HP: 213/213 MP: 18/18
 45623 | Snake:4  | Reached skill level 21 in Fighting
 48037 | Snake:4  | Got a serpentine rune of Zot
 48205 | Snake:4  | Received a gift from Trog
 50156 | Shoals:1 | Entered Level 1 of the Shoals
 50346 | Shoals:1 | Reached skill level 15 in Armour
 50361 | Shoals:1 | HP: 10/215 [poisoned by a merfolk]
 50361 | Shoals:1 | HP: 4/215 [merfolk/+0 trident (6)]
 52969 | Shoals:2 | Noticed Polyphemus
 53291 | Shoals:2 | Reached skill level 22 in Fighting
 53598 | Shoals:2 | Killed Polyphemus
 53916 | Shoals:2 | Received a gift from Trog
 53947 | Shoals:3 | Noticed Ilsuiw
 54675 | Shoals:3 | Reached XP level 19. HP: 183/227 MP: 19/19
 55106 | Shoals:3 | Found a runed translucent gate.
 55106 | Shoals:3 | Found a runed translucent gate.
 55106 | Shoals:3 | Found a runed translucent gate.
 55254 | Shoals:3 | Noticed Juni's ghost (adept KoFi)
 55890 | Shoals:4 | Entered Level 4 of the Shoals
 56659 | Shoals:4 | Identified the amulet of Attitude {Reflect rF+ SH+5}
 57295 | Shoals:4 | Received a gift from Trog
 58322 | Shoals:4 | Got a barnacled rune of Zot
 58660 | D:10     | Bought a scroll of brand weapon for 114 gold pieces
 58660 | D:10     | Bought 3 scrolls of enchant armour for 270 gold pieces
 58660 | D:10     | Bought a scroll of revelation for 90 gold pieces
 58797 | Depths:1 | Entered Level 1 of the Depths
 58833 | D:15     | Slain by an iron troll

Illustrated notes

Levels and vault maps discovered:
D:1:      dpeg_arrival_leaves_temple_mockup, layout_rooms
D:2:      layout_basic, serial_corexii_hall, corexii_hall_statues_l,
          corexii_hall_statues_t, amcnicky_mini_corridor_feature
D:3:      layout_basic, xom_butterflies, uniq_jessica
D:4:      layout_layer_cave, nicolae_uskayaw_murder_on_the_dancefloor,
          nicolae_overflow_crystal_walls, lemuel_doored_altar, uniq_ijyb
D:5:      cheibrodos_two_vegetables, layout_loops_ring,
          minmay_temple_entry_fiery, uniq_grinder, uniq_sigmund, uniq_duvessa
D:6:      layout_loops_corners, lemuel_round_altar, serial_shops,
          nicolae_shop_hallway_plus, shop, serial_rivers,
          chequers_serial_rivers_micro_a, chequers_serial_rivers_small_a,
          chequers_serial_rivers_room_a, chequers_serial_rivers_room_b,
          chequers_serial_rivers_small_b, chequers_serial_rivers_micro_e,
          uniq_jeremiah, uniq_crazy_yiuf_cottage, uniq_blork_the_orc
D:7:      layout_gridville, mainiacjoe_overflow_alcove_1,
          mainiacjoe_overflow_chevrons, nicolae_concentric_dashed_squares_wild,
          nicolae_hexahallways, uniq_pikel
D:8:      layout_rooms, nicolae_overflow_hidden_temple, elyvilon_altar_1,
          mainiacjoe_overflow_brackets, enter_bailey_5, serial_shops, shop,
          uniq_maurice, uniq_erica
D:9:      minmay_the_grid_3x2 [minmay_the_grid_gridbox, minmay_the_grid_slots,
          minmay_the_grid_stretched_grid, minmay_the_grid_spin_star,
          minmay_the_grid_minigrid_medium, minmay_the_grid_prize_inner_circle],
          layout_basic, david_orc_2
D:10:     layout_long_grid, nicolae_wu_jian_glorious_leap, serial_shops,
          shop_fountains, kennysheep_mini, shop, shop, nicolae_shop_stone,
          uniq_grum
D:11:     layout_cross, lair_entry_dummy, uniq_josephine
D:12:     layout_basic, uniq_frances
D:13:     layout_rooms, erik_vaults_2, bh_circular_ruins, uniq_azrael,
          uniq_rupert
D:14:     layout_long_grid, serial_bayou_pond_c, ebering_ghost_inner_flame
D:15:     gammafunk_enter_depths_forms, layout_irregular_city,
          serial_bayou_pond_b
Lair:1:   layout_gridlike
Lair:2:   layout_roguey, dummy_snake_entry, grunt_megastairs_2, uniq_urug
Lair:3:   gammafunk_indiana_jones, layout_gridlike,
          nicolae_shoals_entry_flooding, minivault_26, st_stairs_7,
          infiniplex_staircase_pool_2
Lair:4:   layout_gridlike
Lair:5:   grunt_lair_end_beastmaster, layout_misc_corridors, slime_entry_1
Shoals:1: layout_shoals
Shoals:2: layout_shoals, nicolae_shoals_hunting_party, uniq_polyphemus
Shoals:3: layout_shoals, ebering_ghost_rock_garden,
          nicolae_shoals_lost_giant_hut, uniq_ilsuiw
Shoals:4: shoals_end_grunt_ice, layout_shoals
Snake:1:  layout_misc_corridors, drop_trap
Snake:2:  gammafunk_its_a_trap, layout_chambers, uniq_aizul, uniq_vashnia
Snake:3:  layout_rooms, serial_bayou_shore_b
Snake:4:  grunt_snake_rune_spirals, layout_onion,
          portal_ice_cave_entry_frozen_things, serial_shops, shop, uniq_louise,
          uniq_nikola, uniq_agnes
Orc:1:    layout_caves, serial_shops, shop, nicolae_shop_industrial_runoff,
          basic_altar
Orc:2:    st_orc_ogre_mass, layout_diamond_mine, gauntlet_entry_generic,
          uniq_snorg
Depths:1: layout_forbidden_donut, nicolae_hepliaklqana_hazy_memory,
          serial_shops, shop, hellmouth_3, pan_entry,
          nicolae_qazlal_eye_of_the_storm, serial_bayou_shore_b

Skill      XL: |  1  2  3  4  5  6  7  8  9 10 11 12 13 14 15 16 17 18 19 |
---------------+----------------------------------------------------------+-----
Axes           | 4 5 6 7 10 11 14 17 18 19 20 | 20.0
Fighting       | 5 6 7 9 11 12 14 16 18 19 20 22 | 22.7
Armour         | 4 6 8 10 12 14 15 | 15.0
Throwing       | 5 9 10 12 13 14 | 14.3
Evocations     | 4 6 8 9 |  9.4
Dodging        | |  2.6

Action                     |  1- 3 |  4- 6 |  7- 9 | 10-12 | 13-15 | 16-18 | 19-21 || total
---------------------------+-------+-------+-------+-------+-------+-------+-------++-------
  Melee: Hand axe          |    80 |   104 |   267 |       |    33 |       |       ||   484
         Headbutt          |     8 |    18 |    46 |    77 |   218 |   269 |    68 ||   704
         Punch             |       |     3 |       |       |       |       |       ||     3
         Broad axe         |       |       |       |    83 |       |       |       ||    83
         Battleaxe         |       |       |       |   343 |   894 |  1102 |   230 ||  2569
         Executioner's axe |       |       |       |    32 |       |       |    14 ||    46
  Throw: Javelin           |       |       |       |       |     3 |       |       ||     3
 Invoke: Berserk           |       |     1 |     6 |     4 |     5 |    15 |     1 ||    32
  Evoke: Wand              |       |       |     5 |     7 |     3 |     2 |     1 ||    18
    Use: Scroll            |       |       |    14 |     7 |     8 |    13 |    10 ||    52
         Potion            |       |       |     2 |       |     7 |    25 |     2 ||    36
   Stab: Sleeping          |       |       |       |       |     5 |    11 |     2 ||    18
         Distracted        |       |       |       |       |       |     1 |     1 ||     2
 Armour: Animal skin       |    54 |    78 |   170 |    76 |       |       |       ||   378
         Acid dragon scale |       |       |       |   334 |   688 |   875 |       ||  1897
         Shadow dragon sca |       |       |       |       |       |   318 |   268 ||   586
  Dodge: Dodged            |    48 |    44 |   112 |   269 |   434 |   354 |    64 ||  1325

Table legend: (Time is in decaauts)
 A = Elapsed time spent in this place.
 B = Non-inter-level travel time spent in this place.
 C = Inter-level travel time spent in this place.
 D = Time resting spent in this place.
 E = Time spent auto-exploring this place.
 F = Levels seen in this place.
 G = Mean time per level.
                   A        B        C        D        E       F      G
               +--------+--------+--------+--------+--------+-----+--------+
         Total |  58481 |  56072 |   2409 |  23383 |  21930 |  33 | 1772.2 |
       Dungeon |  21650 |  20441 |   1209 |   6453 |  10443 |  15 | 1443.3 |
          Lair |   7757 |   7213 |    544 |   1541 |   4230 |   5 | 1551.4 |
        Shoals |   8007 |   7683 |    324 |   3308 |   2652 |   4 | 2001.8 |
     Snake Pit |  16924 |  16666 |    258 |  10437 |   3356 |   4 | 4231.0 |
  Orcish Mines |   1817 |   1746 |     71 |    458 |    826 |   2 |  908.5 |
        Depths |     30 |     30 |      0 |      0 |      0 |   1 |   30.0 |
        Bailey |   1575 |   1575 |      0 |    843 |    343 |   1 | 1575.0 |
      Gauntlet |    716 |    716 |      0 |    340 |     80 |   1 |  716.0 |
               +--------+--------+--------+--------+--------+-----+--------+

Top non-repeatable levels by time:
 Snake:4: 8276 daAuts
 Snake:3: 3773 daAuts
 Snake:2: 3428 daAuts
    D:12: 2992 daAuts
     D:6: 2720 daAuts
Shoals:2: 2254 daAuts
Shoals:3: 2109 daAuts
     D:9: 1941 daAuts
Shoals:4: 1883 daAuts
    D:15: 1864 daAuts
  Lair:3: 1803 daAuts
    D:10: 1780 daAuts
Shoals:1: 1760 daAuts
     D:7: 1705 daAuts
  Lair:5: 1686 daAuts
